 Dungeon Crawl Stone Soup version 0.29.1-13-g9f3cf754e1 (webtiles) character file.

Game seed: 10305593038025448579

1523 Hrothgar the Ruffian (level 8, -1/74 HPs)
             Began as a Troll Gladiator on Jan 31, 2023.
             Was an Initiate of Ru.
             Slain by a killer bee (5 damage)
             ... on level 7 of the Dungeon.
             The game lasted 00:27:44 (6441 turns).

Hrothgar the Ruffian (Troll Gladiator)              Turns: 6441, Time: 00:27:44

Health: -1/74      AC: 12    Str: 23    XL:     8   Next: 54%
Magic:  9/9        EV: 10    Int:  6    God:    Ru [......]
Gold:   645        SH:  0    Dex:  6    Spells: 5/10 levels left

rFire   . . .      SeeInvis .     - Unarmed
rCold   . . .      Faith    .   p - orb {mayhem}
rNeg    + . .      Spirit   .   G - +1 robe of the Pink Corner {Rampage rPois Dex-5 Archmagi}
rPois   +          Reflect  .   b - +0 hat
rElec   .          Harm     .   u - +2 cloak {Will+}
rCorr   .          Rampage  +   (gloves unavailable)
Will    +....      Archmagi +   (boots unavailable)
Stlth   +.........              (no amulet)
HPRegen 1.02/turn               f - ring of positive energy
MPRegen 0.11/turn               g - +4 ring of protection

@: studying Dodging
A: large, unfitting armour, claws 3, regeneration 1, shaggy fur 1, tough skin 1
a: Renounce Religion


You were on level 7 of the Dungeon.
You worshipped Ru.
Ru was noncommittal.
You visited 2 branches of the dungeon, and saw 8 of its levels.

You collected 759 gold pieces.
You spent 52 gold pieces at shops.
You paid 62 gold pieces to Gozag.

Inventory:

Hand Weapons
 v - the +9 staff of Olgreb {rPois∞}
   (You acquired it on level 1 of the Dungeon)

   If the wielder is skilled in Evocations, they can envenom those struck by it,
   dealing poison damage which bypasses armour.
   It enhances your poison magic.
   It grants immunity to poison.
   It can be activated via the 'a'bility menu to radiate toxic energy, with
   effectiveness depending on Evocations skill.
Missiles
 c - 3 throwing nets
 d - 4 large rocks (quivered)
 e - 6 poisoned darts
 i - 5 boomerangs
 t - 4 atropa-tipped darts
 A - a curare-tipped dart
Armour
 a - a +1 robe
 b - a +0 hat (worn)
 k - a +0 robe of positive energy
 p - an orb of mayhem (worn)
 u - a +2 cloak of willpower (worn)
 G - the +1 robe of the Pink Corner (worn) {Rampage rPois Dex-5 Archmagi}
   (You found it on level 6 of the Dungeon)

   Dex:       It affects your dexterity (-5).
   rPois:     It protects you from poison.
   Rampage:   It bestows one free step when moving towards enemies.
   Archmagi:  It increases the power of your magical spells.
Jewellery
 f - a ring of positive energy (left claw)
 g - a +4 ring of protection (right claw)
 D - a ring of positive energy
 F - a +4 ring of protection
Wands
 x - a wand of roots (2)
 I - a wand of charming (6)
Scrolls
 h - 3 scrolls of amnesia
 l - a scroll of magic mapping
 m - 2 scrolls of noise
 r - 3 scrolls of teleportation
 s - 2 scrolls of vulnerability
 y - a scroll of identify
 E - a scroll of torment {unknown}
 H - a scroll of butterflies {unknown}
Potions
 j - a potion of curing
 n - 2 potions of heal wounds
 o - a potion of brilliance
 q - 2 potions of degeneration
 w - 2 potions of berserk rage
 z - a potion of lignification
 B - a potion of might
 C - a potion of attraction {unknown}


   Skills:
 * Level 2.9 Fighting
 * Level 1.2 Staves
 * Level 3.2 Throwing
 * Level 2.1 Armour
 * Level 4.5 Dodging
 * Level 1.5 Stealth
 * Level 6.3 Unarmed Combat
 * Level 1.5 Spellcasting
 * Level 1.0 Conjurations
 * Level 1.0 Necromancy
 * Level 1.7 Ice Magic
 * Level 1.0 Earth Magic
 * Level 0.9 Evocations


You had 5 spell levels left.
You knew the following spells:

 Your Spells              Type           Power      Damage    Failure   Level
a - Freeze                Ice            12%        1d4       22%         1
b - Stone Arrow           Conj/Erth      4%         3d7       63%         3
c - Necrotise             Necr           8%         1d4       28%         1

Your spell library contained the following spells:

 Spells                   Type           Power      Damage    Failure   Level
 Sandblast                Erth           4%         2d4       28%         1
 Passwall                 Tmut/Erth      0%         N/A       47%         2
 Frozen Ramparts          Ice            6%         1d1       54%         3
 Vampiric Draining        Necr           2%         2d6       63%         3
 Gell's Gravitas          Tloc           0%         N/A       78%         3
 Lesser Beckoning         Tloc           0%         N/A       78%         3
 Teleport Other           Tloc           0%         N/A       78%         3
 Hailstorm                Conj/Ice       3%         3d3       94%         4
 Animate Dead             Necr           2%         N/A       95%         4
 Animate Armour           Summ/Erth      2%         N/A       98%         4
 Agony                    Necr           2%         N/A       100%        5
 Borgnjor's Vile Clutch   Necr/Erth      1%         N/A       100%        5
 Death Channel            Necr           1%         N/A       100%        6
 Lehudib's Crystal Spear  Conj/Erth      1%         10d2      100%        8


Dungeon Overview and Level Annotations

Branches:
Dungeon (7/15)             Temple (1/1) D:4

Altars:
Ashenzari
Cheibriados
Dithmenos
Elyvilon
Fedhas
Gozag
Hepliaklqana
Kikubaaqudgha
Okawaru
Qazlal
Ru
Sif Muna
Trog
Uskayaw
Vehumet
Wu Jian
Xom
Yredelemnul
Zin
The Shining One

Shops:
D:4 (


Innate Abilities, Weirdness & Mutations

You are too large for most types of armour.
You have claws for hands.
Your natural rate of healing is unusually fast.
You are covered in fur. (AC +1)
You have tough skin. (AC +1)


Message History

The killer bee misses the killer bee.
The killer bee stings the gnoll!
The killer bee barely misses the killer bee.
The killer bee barely misses you.
The killer bee stings the gnoll!
The gnoll dies!
Your Conjurations skill increases to level 1!
Your Earth Magic skill increases to level 1!
You miss the killer bee.
The killer bee stings the killer bee.
The killer bee completely misses you.
The killer bee stings the killer bee!
The killer bee closely misses you.
You miss the killer bee.
The killer bee stings the killer bee!
The killer bee dies!
The killer bee barely misses you. The killer bee stings you.
You closely miss the killer bee.
The killer bee closely misses the killer bee.
The killer bee stings the killer bee.
The killer bee stings you but does no damage.
The killer bee closely misses the killer bee.
The killer bee stings you.
* * * LOW HITPOINT WARNING * * *
You claw the killer bee!
You kill the killer bee!
The killer bee barely misses you. The killer bee closely misses you.
The killer bee attacks as you move away!
The killer bee misses you. The killer bee stings you!
* * * LOW HITPOINT WARNING * * *
You are poisoned.
The killer bee poisons you! The killer bee stings you.
* * * LOW HITPOINT WARNING * * *
You feel better. The killer bee stings you.
* * * LOW HITPOINT WARNING * * *
The killer bee stings you.
* * * LOW HITPOINT WARNING * * *
The killer bee closely misses you. The killer bee closely misses you.
The killer bee stings you.
* * * LOW HITPOINT WARNING * * *
The killer bee closely misses you. The killer bee stings you!
* * * LOW HITPOINT WARNING * * *
The killer bee stings you.
You die...

#.#..#..#
#.#.##..#
#.......#
#......##
###)####
#†# #†#
########.#
#.....@y.#
...########


You could see a neutral killer bee (fast, strong, insane).

Vanquished Creatures
  Eustachio (D:4)
  Menkaure (D:4)
  A black bear (D:6)
  A kobold brigand (D:6)
  A bullfrog (D:6)
  A necrophage (D:5)
  2 scorpions
  2 killer bees (D:7)
  2 jellies
  Crazy Yiuf (D:3)
  3 hounds
  2 orc priests
  Ijyb (D:5)
  Natasha (thrice) (D:4)
  3 iguanas
  An orc wizard (D:6)
  A gnoll (D:6)
  9 adders
  3 shadow imps (D:6)
  3 worms
  2 dart slugs
  12 orcs
  5 bats
  10 endoplasms
  3 giant cockroaches
  10 goblins
  9 hobgoblins
  3 jackals
  2 quokkas
  6 ball pythons
  3 frilled lizards
  3 kobolds
  3 rats
113 creatures vanquished.

Vanquished Creatures (collateral kills)
  A killer bee (D:7)
  A gnoll bouda (D:6)
  4 gnolls
  2 orcs (D:4)
  A goblin (D:3)
  3 jackals (D:3)
  2 kobolds
14 creatures vanquished.

Vanquished Creatures (others)
  16 plants (D:7)
16 creatures vanquished.

Grand Total: 143 creatures vanquished

Notes
Turn   | Place    | Note
-------+----------+-------------------------------------------
     0 | D:1      | Hrothgar the Troll Gladiator began the quest for the Orb.
     0 | D:1      | Reached XP level 1. HP: 19/19 MP: 0/0
   192 | D:1      | Reached XP level 2. HP: 28/28 MP: 1/1
   565 | D:2      | Reached XP level 3. HP: 35/35 MP: 2/2
   744 | D:3      | Learned a level 1 spell: Freeze
   924 | D:3      | Reached XP level 4. HP: 32/42 MP: 3/3
   953 | D:3      | Noticed a scorpion
   994 | D:3      | Killed a scorpion
   995 | D:3      | Reached skill level 4 in Unarmed Combat
   995 | D:3      | Reached XP level 5. HP: 47/49 MP: 4/4
  1089 | D:4      | Found Sac Yhiqak's Weapon Shop.
  1096 | D:4      | Bought 4 large rocks for 28 gold pieces
  1215 | D:4      | Found a blossoming altar of Fedhas.
  1264 | D:4      | Noticed Natasha
  1271 | D:4      | Killed Natasha
  1272 | D:4      | Reached skill level 1 in Armour
  1350 | D:4      | Found a staircase to the Ecumenical Temple.
  1360 | D:4      | Noticed Natasha
  1370 | D:4      | Killed Natasha
  1388 | Temple   | Entered the Ecumenical Temple
  1566 | Temple   | Became a worshipper of Gozag Ym Sagoz the Greedy
  1606 | D:4      | Noticed Natasha
  1615 | D:4      | Killed Natasha
  1719 | D:4      | Noticed Eustachio
  1735 | D:4      | Killed Eustachio
  1736 | D:4      | Reached XP level 6. HP: 42/57 MP: 4/6
  1762 | D:4      | Reached skill level 1 in Stealth
  1762 | D:4      | Reached skill level 5 in Unarmed Combat
  1784 | D:4      | Found a snail-covered altar of Cheibriados.
  2125 | D:4      | Reached skill level 1 in Ice Magic
  2130 | D:4      | Noticed Menkaure
  2133 | D:4      | Killed Menkaure
  2134 | D:4      | Reached skill level 1 in Spellcasting
  2134 | D:4      | Reached XP level 7. HP: 59/66 MP: 7/7
  2640 | D:4      | Bought 4 atropa-tipped darts for 24 gold pieces
  3090 | D:3      | Found a runed translucent door.
  3091 | D:3      | Noticed Crazy Yiuf
  3103 | D:3      | Killed Crazy Yiuf
  3124 | D:3      | Learned a level 3 spell: Stone Arrow
  3355 | D:2      | Identified a scroll of acquirement
  3356 | D:2      | Acquired a manual of Dodging
  4131 | D:1      | Learned a level 1 spell: Necrotise
  4238 | D:1      | Acquired the +9 staff of Olgreb {rPois∞}
  4238 | D:1      | Found the +9 staff of Olgreb {rPois∞}
  4330 | D:1      | Found a faded altar of an unknown god.
  5002 | D:5      | Entered Level 5 of the Dungeon
  5002 | D:5      | Noticed Ijyb
  5071 | D:5      | Killed Ijyb
  5610 | D:6      | Reached XP level 8. HP: 74/74 MP: 7/9
  5827 | D:6      | Reached skill level 6 in Unarmed Combat
  5835 | D:6      | Found a sacrificial altar of Ru.
  5869 | D:6      | Fell from the grace of Gozag
  5869 | D:6      | Became a worshipper of Ru the Awakened
  5919 | D:6      | Reached skill level 1 in Staves
  6002 | D:6      | Found a basalt altar of Yredelemnul.
  6023 | D:6      | Identified the +1 robe of the Pink Corner {Rampage rPois
                  | Dex-5 Archmagi}
  6137 | D:6      | Reached skill level 1 in Necromancy
  6141 | D:6      | Found a shimmering blue altar of Sif Muna.
  6434 | D:7      | Reached skill level 1 in Conjurations
  6434 | D:7      | Reached skill level 1 in Earth Magic
  6441 | D:7      | Slain by a killer bee

Illustrated notes

Levels and vault maps discovered:
D:1:      minmay_arrival_doors, layout_rooms,
          shapermc_ecumenical_altar_flowoftime
D:2:      layout_loops_corners
D:3:      layout_rooms, st_stairs_14, kennysheep_generic_room_12,
          uniq_crazy_yiuf_cottage
D:4:      layout_basic, mainiacjoe_overflow_small_starburst,
          minmay_temple_entry_purple_smoke, serial_shops, shop,
          minmay_ruined_shrine, uniq_natasha, uniq_eustachio, uniq_menkaure
D:5:      layout_cave_pools, uniq_ijyb
D:6:      layout_cave_pools, mainiacjoe_overflow_catwalk,
          mainiacjoe_overflow_chevrons, nicolae_ru_great_annihilating_truth,
          hex_tiny
D:7:      layout_loops_cross, serial_bayou, serial_bayou_lagoon_a,
          serial_bayou_shore_b, serial_bayou_crossing, serial_bayou_shore_a,
          serial_bayou_shore_b
Temple:   eino_temple_scatter_basement

Skill      XL: |  1  2  3  4  5  6  7  8 |
---------------+-------------------------+-----
Throwing       | 2 3 |  3.2
Fighting       | 2 |  2.9
Unarmed Combat | 4 5 6 |  6.3
Dodging        | 3 4 |  4.5
Armour         | 1 2 |  2.1
Stealth        | 1 |  1.5
Ice Magic      | 1 |  1.7
Spellcasting   | 1 |  1.5
Staves         | 1 |  1.2
Necromancy     | 1 |  1.0
Conjurations   | 1 |  1.0
Earth Magic    | 1 |  1.0
Evocations     | |  0.9

Action                   |  1- 3 |  4- 6 |  7- 9 || total
-------------------------+-------+-------+-------++-------
Melee: Unarmed           |    53 |    98 |   174 ||   325
       Punch             |       |     2 |       ||     2
       Staff             |       |       |     1 ||     1
Throw: Boomerang         |     6 |     1 |       ||     7
       Throwing net      |       |    11 |       ||    11
       Large rock        |       |     5 |     5 ||    10
 Cast: Freeze            |       |       |     8 ||     8
       Necrotise         |       |       |     2 ||     2
 Abil: Evoke the Staff o |       |       |     3 ||     3
Evoke: Wand              |       |       |     1 ||     1
  Use: Scroll            |     6 |     4 |     8 ||    18
       Potion            |       |     1 |     4 ||     5
 Stab: Held in net/web   |       |     3 |       ||     3
       Sleeping          |       |     1 |     2 ||     3
       Distracted        |       |     1 |       ||     1
Armor: Robe              |    19 |    40 |   126 ||   185
Dodge: Dodged            |    27 |    51 |   153 ||   231
